 Dungeon Crawl Stone Soup version 0.18-a0-1542-g9c1a92e (webtiles) character file.

2132 4thArraOfDagon the Slasher (level 9, -1/66 HPs)
             Began as a Human Berserker on Mar 10, 2016.
             Was a Priest of Trog.
             Hit by a large rock thrown by a cyclops (15 damage)
             ... on level 1 of the Orcish Mines.
             The game lasted 00:15:42 (3923 turns).

4thArraOfDagon the Slasher (Human Berserker)        Turns: 3923, Time: 00:15:42

Health: -1/66      AC: 12    Str: 20    XL:     9   Next: 55%
Magic:  9/9        EV:  6    Int:  8    God:    Trog [***...]
Gold:   491        SH:  0    Dex: 13    Spells: 0 memorised, 8 levels left

rFire  + . .     SeeInvis +     a - +0 falchion
rCold  . . .     Gourm    .     B - +0 chain mail
rNeg   . . .     Faith    .     (no shield)
rPois  .         Spirit   .     (no helmet)
rElec  .         Dismiss  .     r - +1 cloak
rCorr  .         Reflect  .     (no gloves)
SustAt .         Harm     .     (no boots)
MR     ++...                    (no amulet)
Stlth  ..........               p - ring of see invisible
                                d - ring of protection from fire

@: regenerating, very resistant to hostile enchantments, extremely unstealthy
A: no striking features
a: Berserk, Trog's Hand, Burn Spellbooks, Renounce Religion


You were on level 1 of the Orcish Mines.
You worshipped Trog.
Trog was most pleased with you.
You were not hungry.

You visited 2 branches of the dungeon, and saw 11 of its levels.
You also visited: Sewer.

You collected 491 gold pieces.

Inventory:

Hand Weapons
 a - a +0 falchion (weapon)
 g - a +0 dagger of venom
 o - a +0 battleaxe
Armour
 r - a +1 cloak (worn)
 B - a +0 chain mail (worn)
Jewellery
 d - a ring of protection from fire (left hand)
 p - a ring of see invisible (right hand)
Wands
 j - a wand of slowing (13/48)
Scrolls
 h - a scroll of magic mapping
 m - 2 scrolls of enchant armour
 w - 2 scrolls of teleportation
 y - 2 scrolls of amnesia {unknown}
 z - a scroll of summoning {unknown}
 A - a scroll of blinking {unknown}
 C - a scroll of identify {unknown}
Potions
 b - a potion of brilliance {unknown}
 e - 5 potions of heal wounds {unknown}
 f - 4 potions of haste {unknown}
 i - a potion of might {unknown}
 n - 2 potions of cure mutation {unknown}
 q - a potion of magic {unknown}
 s - a potion of resistance {unknown}
 u - 4 potions of curing {unknown}
 v - 7 potions of flight {unknown}
 x - 2 potions of cancellation {unknown}
Books
 l - the Compendium of Damaging Weightlessness
   (You found it on level 8 of the Dungeon)

   Spells                             Type                      Level
   a - Shock                          Conjuration/Air              1
   b - Mephitic Cloud                 Conjuration/Poison/Air       3
   c - Summon Lightning Spire         Summoning/Air                4
   d - Tornado                        Air                          9
   Trog disapproves of the use of such an item.
Comestibles
 c - 3 bread rations
 k - 3 chunks of flesh
 t - 3 meat rations


   Skills:
 + Level 4.6 Fighting
 - Level 7.3 Long Blades
 * Level 0.0 Axes
 + Level 6.6 Armour
 + Level 6.8 Dodging
 - Level 1.2 Stealth
 - Level 0.9 Invocations


You had 8 spell levels left.
You didn't know any spells.

Dungeon Overview and Level Annotations

Branches:
Dungeon (9/15)                Orc (2/2) D:9
 Temple: D:4-7         Lair: D:8-11         Elf: Orc:2

Altars:
Qazlal
Ru
Xom

Shops:
Orc:1 !(

Annotations:
D:4 4thArraOfDagon's ghost, weakling NaBe


Message History

You swing at nothing.
Eat one of 4 chunks of flesh? (ye/n/q/i?) This raw flesh tastes terrible.
You continue eating. x2
Your skin crawls.
You feel resistant to hostile enchantments.
You feel slightly more hungry.
You can no longer call in reinforcements.
Wield which item (- for none, * to show all)? (? for menu, Esc to quit)
a - a +0 falchion (weapon)
You can't go down here!
You climb upwards.
The cyclops throws a large rock.
The large rock hits you!!!
Ouch! That really hurt!
* * * LOW HITPOINT WARNING * * *
There is a stone staircase leading down, spattered with blood here.
You see here 3 large rocks.
Unknown command.
Unknown command.
The cyclops throws a large rock.
The large rock hits you!
You die...

#.........#.
##...........
#.............
#..........#...
##.............
#......C.......
#............
##...@...#.# .
#.........#....
##..#..........
#.............
##.##.........
## .....$.#..
...........
............
#..###.......


You could see a cyclops.

Vanquished Creatures
  A cyclops (Orc:1)
  A hungry ghost (D:8)
  A hippogriff (D:7)
  5 orc warriors
  2 ogres
  A giant frog (D:7)
  2 big kobolds (D:8)
  A scorpion (D:9)
  A crimson imp (D:9)
  A centaur skeleton (D:8)
  4 orc priests
  2 giant frog skeletons
  3 orc wizards
  An iguana (D:8)
  A gnoll (D:7)
  10 adders
  6 river rats (Sewer)
  A shadow imp (D:9)
  2 oozes
  An adder skeleton (D:4)
  A worm (D:3)
  A dart slug (D:1)
  3 giant geckos
  13 orcs
  2 bats (D:1)
  A bat zombie (D:1)
  7 giant cockroaches
  6 goblins
  4 hobgoblins
  4 jackals (D:1)
  26 kobolds
  3 ball pythons (Sewer)
  A giant gecko zombie (D:1)
  6 giant newts
  23 rats
148 creatures vanquished.

Notes
Turn   | Place    | Note
--------------------------------------------------------------
     0 | D:1      | 4thArraOfDagon the Human Berserker began the quest for the Orb.
     0 | D:1      | Reached XP level 1. HP: 18/18 MP: 1/1
     0 | D:1      | its time to win
   151 | D:1      | Reached XP level 2. HP: 13/24 MP: 2/2
   380 | D:1      | Reached XP level 3. HP: 19/29 MP: 3/3
   871 | D:2      | Reached ** piety under Trog
   969 | D:3      | Reached skill level 4 in Long Blades
   969 | D:3      | Reached XP level 4. HP: 32/35 MP: 4/4
  1224 | D:2      | Reached XP level 5. HP: 41/41 MP: 5/5
  1261 | D:2      | You fall through a shaft!
  1471 | D:5      | Entered Level 5 of the Dungeon
  1564 | D:5      | Found a sacrificial altar of Ru.
  1593 | D:5      | Reached XP level 6. HP: 38/47 MP: 6/6
  1598 | D:5      | Found a glowing drain.
  1640 | Sewer    | Entered a sewer
  1884 | Sewer    | Reached *** piety under Trog
  1907 | Sewer    | emiel: nice trog piety
  1922 | Sewer    | Reached skill level 5 in Long Blades
  2234 | D:4      | Noticed 4thArraOfDagon's ghost (weakling NaBe)
  2351 | D:7      | Reached XP level 7. HP: 52/52 MP: 7/7
  2358 | D:7      | Noticed a hippogriff
  2465 | D:8      | Identified the Compendium of Damaging Weightlessness
  2573 | D:7      | Killed a hippogriff
  2639 | D:7      | Reached skill level 6 in Long Blades
  2639 | D:7      | Reached skill level 5 in Dodging
  2650 | D:7      | Reached XP level 8. HP: 58/58 MP: 8/8
  2807 | D:8      | Found a stormy altar of Qazlal.
  2950 | D:8      | Reached skill level 1 in Stealth
  3126 | D:8      | Reached **** piety under Trog
  3145 | D:8      | Reached skill level 5 in Armour
  3163 | D:9      | Reached skill level 7 in Long Blades
  3321 | D:9      | Found a staircase to the Orcish Mines.
  3338 | Orc:1    | Entered Level 1 of the Orcish Mines
  3343 | Orc:2    | Entered Level 2 of the Orcish Mines
  3371 | Orc:1    | Found Serapp's Weapon Boutique.
  3380 | Orc:1    | 4thArraOfDagon: :)
  3396 | Orc:1    | Reached XP level 9. HP: 64/64 MP: 9/9
  3484 | Orc:1    | Found Lulibrin's Distillery.
  3490 | Orc:1    | Noticed a cyclops
  3538 | Orc:1    | Killed a cyclops
  3805 | Orc:2    | Found a shimmering altar of Xom.
  3886 | Orc:1    | Noticed a cyclops
  3923 | Orc:1    | Hit by a large rock thrown by a cyclops

Vault maps used:
D:1:      saegor_arrival_fortress, minivault_14
D:2:      ecumenical_altar_1, uniq_natasha
D:3:      tgw_trog, led_sif_book, first_bread
D:4:      minmay_temple_entry_glass, kennysheep_generic_room_16
D:5:      nicolae_ru_the_path_less_chosen, gup_sewer_entry_glass
D:6:      kennysheep_mini, serial_shops, shop_statue, lemuel_tele_altar,
          uniq_blork_the_orc
D:7:      kennysheep_little_box
D:8:      nicolae_qazlal_eye_of_the_storm, kennysheep_generic_room_7
D:9:      orc_0_dummy, uniq_grum
Orc:1:    serial_shops, shop, shop, shop, elves_outpost_lemuel
Orc:2:    kennysheep_orc_mage_school, basic_altar
Sewer:    sewer_minmay_treatment

Skill      XL: |  1  2  3  4  5  6  7  8  9 |
---------------+----------------------------+-----
Long Blades    | 4 5 6 7 |  7.3
Dodging        | 3 4 5 6 |  6.8
Armour         | 3 4 5 6 |  6.6
Stealth        | 1 |  1.2
Fighting       | 4 |  4.6
Invocations    | |  0.9

Action                   |  1- 3 |  4- 6 |  7- 9 || total
-------------------------+-------+-------+-------++-------
Melee: Falchion          |   122 |   285 |   262 ||   669
Invok: Berserk           |     1 |     8 |    12 ||    21
       Trog's Hand       |       |     3 |     6 ||     9
  Use: Scroll            |       |     3 |     3 ||     6
 Stab: Sleeping          |       |     1 |       ||     1
  Eat: Chunk             |       |    14 |    18 ||    32
       Beef jerky        |       |       |     2 ||     2
       Fruit             |       |       |     4 ||     4
       Pizza             |       |       |     2 ||     2
